 Seeded DCSS version 0.31-a0-1074-g0b22e4e0f1 (webtiles) character file.

Game seed: 13887845404064761326 (custom seed)

704 Hubris850 the Stinger (level 7, 0/41 HPs)
             Began as an Octopode Venom Mage on Dec 6, 2023.
             Was an Elder of Ru.
             Slain by a centaur (5 damage)
             ... on level 6 of the Dungeon.
             The game lasted 00:18:28 (6850 turns).

Hubris850 the Stinger (Octopode Venom Mage)         Turns: 6850, Time: 00:18:29

Health: 0/41       AC:  1    Str:  7    XL:     7   Next: 67%
Magic:  6/14       EV: 14    Int: 25    God:    Ru [****..]
Gold:   241        SH:  0    Dex: 13    Spells: 6/16 levels left

rFire   x . .        b - staff of poison
rCold   . . .        (no shield)
rNeg    . . .        (helmet restricted)
rPois   +            (no amulet)
rElec   .            c - ring of protection from cold
rCorr   .            l - +6 ring of intelligence
SInv    .            (no ring)
Will    .....        (no ring)
Stlth   +++          (no ring)
HPRegen 0.26/turn    (no ring)
MPRegen 0.14/turn    (no ring)
                     (no ring)

%: inaccuracy (-5)
@: no status effects
A: almost no armour, amphibious, 8 rings, camouflage 1, gelatinous body 1, hated
by all, missing an eye, temperature sensitive, (nimble swimmer 1), tentacles
a: Renounce Religion, Draw Out Power, Power Leap


You were on level 6 of the Dungeon.
You worshipped Ru.
Ru was greatly pleased with you.
You visited 1 branch of the dungeon, and saw 6 of its levels.
You also visited: Sewer.

You collected 241 gold pieces.

Inventory:

Hand Weapons
 j - a +0 quarterstaff
 n - a +1 dagger of draining
Missiles
 u - 6 atropa-tipped darts
 x - 6 boomerangs
Magical Staves
 b - a staff of poison (weapon)
 q - a staff of air
 s - a staff of earth
Jewellery
 c - a ring of protection from cold (left tentacle)
 l - a +6 ring of intelligence (right tentacle)
Talismans
 B - a blade talisman
Scrolls
 d - 2 scrolls of noise {unknown}
 e - 5 scrolls of teleportation {unknown}
 f - a scroll of fear {unknown}
 g - 3 scrolls of enchant weapon {unknown}
 h - a scroll of acquirement {unknown}
 i - a scroll of butterflies {unknown}
 k - a scroll of blinking {unknown}
 p - a scroll of brand weapon {unknown}
 r - a scroll of torment {unknown}
 t - 5 scrolls of identify {unknown}
 v - a scroll of enchant armour {unknown}
 y - 2 scrolls of vulnerability {unknown}
Potions
 a - a potion of magic
 m - a potion of might {unknown}
 o - a potion of curing
 w - 2 potions of brilliance {unknown}
 z - 2 potions of berserk rage {unknown}
 A - a potion of haste {unknown}
 C - a potion of heal wounds


   Skills:
 - Level 3.5 Dodging
 - Level 2.6 Stealth
 + Level 5.1 Spellcasting
 - Level 2.0 Transmutations
 + Level 7.2 Poison Magic


You had 6 spell levels left.
You knew the following spells:

 Your Spells              Type           Power      Damage    Failure   Level
a - Sting                 Tmut/Pois      100%       1d8       1%          1
b - Poisonous Vapours     Pois/Air       72%        N/A       2%          2
c - Mephitic Cloud        Conj/Pois/Air  27%        N/A       9%          3
d - Olgreb's Toxic Radia  Pois           59%        N/A       4%          4

Your spell library contained the following spells:

 Spells                   Type           Power      Damage    Failure   Level
 Ignite Poison            Fire/Tmut/Pois 32%        N/A       7%          3
 Freeze                   Ice            24%        1d4       9%          1
 Slow                     Hex            24%        N/A       9%          1
 Sublimation of Blood     Necr           6%         N/A       12%         2
 Confusing Touch          Hex            6%         N/A       24%         3
 Frozen Ramparts          Ice            12%        1d2       24%         3
 Hailstorm                Conj/Ice       6%         3d4       24%         3
 Sigil of Binding         Hex            6%         N/A       24%         3
 Vampiric Draining        Necr           6%         2d6       24%         3
 Sticky Flame             Conj/Fire      6%         2d3       63%         4
 Ignition                 Fire           3%         3d4       100%        8


Dungeon Overview and Level Annotations

Branches:
Dungeon (6/15)             Temple (0/1) D:4           Sewer (visited)

Altars:
Ru

Shops:
D:4 (

Annotations:
D:5 exclusion: sleepcap


Innate Abilities, Weirdness & Mutations

You cannot wear most types of armour.
You are amphibious.
You can wear up to eight rings at the same time.
Your skin changes colour to match your surroundings (Stealth+).
Your rubbery body absorbs attacks. (AC +1, EV +1)
You are hated by all.
You are missing an eye, making it more difficult to aim.
You are sensitive to extremes of temperature. (rF-, rC-)
((You are camouflaged when in or above water. (Stealth+)))
You have tentacles for arms and can constrict up to eight enemies at once.


Message History

You feel a surge of power!
The sting hits the centaur but does no damage.
The centaur looks even sicker.
The centaur is lightly wounded.
The centaur hits you.
* * * LOW HITPOINT WARNING * * *
The centaur kicks you.
* * * LOW HITPOINT WARNING * * *
Casting: Sting (safe; 1% risk of failure)
Confirm with . or Enter, or press ? or * to list all spells.
Aiming: Sting (safe; 1% risk of failure)
Press: ? - help, Shift-Dir - straight line, f/p - centaur
Aim: a centaur (lightly wounded, very poisoned, 78% to hit)
You feel a surge of power!
The sting hits the centaur.
The centaur looks as sick as possible!
The centaur is moderately wounded.
The centaur hits you.
* * * LOW HITPOINT WARNING * * *
The centaur barely misses you. The centaur closely misses you. x2
Casting: Sting (safe; 1% risk of failure)
Confirm with . or Enter, or press ? or * to list all spells.
Aiming: Sting (safe; 1% risk of failure)
Press: ? - help, Shift-Dir - straight line, f - orc, p - centaur
Aim: an orc, wielding a +0 club and wearing a +0 leather armour (64% to hit)
You feel a surge of power!
The sting hits the orc.
The orc is poisoned.
The orc is almost dead.
You kill the orc!
The centaur hits you.
* * * LOW HITPOINT WARNING * * *
The centaur kicks you but does no damage.
Casting: Sting (safe; 1% risk of failure)
Confirm with . or Enter, or press ? or * to list all spells.
Aiming: Sting (safe; 1% risk of failure)
Press: ? - help, Shift-Dir - straight line, f - centaur
Aim: a centaur (heavily wounded, extremely poisoned, 78% to hit)
You feel a surge of power!
The sting hits the centaur.
The centaur looks as sick as possible!
The centaur is heavily wounded.
The centaur hits you.
You die...

#### #..### ..
....## ... #....#
....###c..## ##
#...)@...#####...
###......#.......
###............
#..$......#
#.<..#....#
........#.#..##J..
....######./... .
... ...... ..
.....##


You could see a centaur (extremely poisoned).

Vanquished Creatures
  An ogre (D:5)
  2 scorpions (D:5)
  An orc priest (D:4)
  2 hounds (D:5)
  2 jellies
  Jessica (D:3)
  3 iguanas
  2 orc wizards
  9 adders
  A river rat (Sewer)
  A worm (D:2)
  2 dart slugs
  14 orcs
  5 endoplasms
  9 giant cockroaches
  5 goblins
  7 hobgoblins
  7 quokkas
  5 ball pythons
  3 bats
  11 frilled lizards
  7 kobolds
  11 rats
111 creatures vanquished.

Vanquished Creatures (others)
  A river rat (Sewer)
1 creature vanquished.

Grand Total: 112 creatures vanquished

Notes
Turn   | Place    | Note
-------+----------+-------------------------------------------
     0 | D:1      | Hubris850 the Octopode Venom Mage began the quest for the
                  | Orb.
     0 | D:1      | Reached XP level 1. HP: 11/11 MP: 3/3
   260 | D:1      | Reached XP level 2. HP: 11/17 MP: 3/5
  1023 | D:1      | Found a faded altar of an unknown god.
  1031 | D:1      | Prayed at the altar of an unknown god.
  1031 | D:1      | Became a worshipper of Ru the Awakened
  1043 | D:1      | Gained mutation: You are missing an eye, making it more
                  | difficult to aim. [Ru sacrifice]
  1043 | D:1      | Reached * piety under Ru
  1091 | D:2      | Reached skill level 4 in Poison Magic
  1118 | D:2      | Reached XP level 3. HP: 12/21 MP: 6/6
  1124 | D:2      | Learned a level 2 spell: Poisonous Vapours
  1128 | D:2      | Learned a level 3 spell: Mephitic Cloud
  1857 | D:2      | Reached XP level 4. HP: 27/27 MP: 5/7
  2897 | D:3      | Noticed Jessica
  2901 | D:3      | Killed Jessica
  2959 | D:3      | Got Jessica's Secrets of Corpses
  3547 | D:4      | Reached XP level 5. HP: 31/31 MP: 3/9
  3552 | D:4      | Learned a level 4 spell: Olgreb's Toxic Radiance
  3652 | D:4      | Gained mutation: You are hated by all. [Ru sacrifice]
  3652 | D:4      | Reached ** piety under Ru
  4013 | D:4      | Reached skill level 5 in Poison Magic
  4066 | D:4      | Found a staircase to the Ecumenical Temple.
  4118 | D:4      | Found Foexes's Antique Weapon Shop.
  4147 | D:4      | Reached XP level 6. HP: 36/36 MP: 2/11
  4779 | D:5      | Entered Level 5 of the Dungeon
  4986 | D:5      | Found a glowing drain.
  5076 | Sewer    | Entered a sewer
  5637 | Sewer    | Reached skill level 6 in Poison Magic
  5844 | D:5      | Reached XP level 7. HP: 41/41 MP: 8/13
  5904 | D:5      | Found a sacrificial altar of Ru.
  6185 | D:5      | Gained mutation: You are sensitive to extremes of
                  | temperature. (rF-, rC-) [Ru sacrifice]
  6185 | D:5      | Reached *** piety under Ru
  6185 | D:5      | Reached **** piety under Ru
  6384 | D:5      | Reached skill level 5 in Spellcasting
  6384 | D:5      | Reached skill level 7 in Poison Magic
  6850 | D:6      | Slain by a centaur

Illustrated notes

Levels and vault maps discovered:
D:1:      dpeg_arrival_ternary, layout_rooms,
          dilly_ecumenical_altar_fadedgnrine, hangedman_glass_teeth,
          interstate_on_off, bh_walls_and_bars
D:2:      layout_loops_cross
D:3:      layout_basic, grunt_ministairs_13, kennysheep_jessica_study
D:4:      layout_loops_corners, minmay_temple_entry_nine_rooms, serial_shops,
          shop
D:5:      layout_basic, nicolae_ru_great_annihilating_truth,
          gup_sewer_entry_pipe
D:6:      layout_cave_pools, uniq_blork_the_orc

Skill      XL: |  1  2  3  4  5  6  7 |
---------------+----------------------+-----
Poison Magic   | 4 5 6 7 |  7.2
Transmutations | 2 |  2.0
Dodging        | 3 |  3.5
Spellcasting   | 3 4 5 |  5.1
Stealth        | |  2.6

Action                     |  1- 3 |  4- 6 |  7- 9 || total
---------------------------+-------+-------+-------++-------
  Melee: Unarmed           |    64 |       |       ||    64
         Tentacles         |    16 |     5 |       ||    21
         Constrict         |    13 |     6 |       ||    19
         Staff             |     8 |    33 |     1 ||    42
         Punch             |     1 |       |       ||     1
   Cast: Sting             |    38 |   132 |    34 ||   204
         Poisonous Vapours |       |    24 |     6 ||    30
 Invoke: Sacrifice an Eye  |     1 |       |       ||     1
         Sacrifice Love    |       |     1 |       ||     1
         Sacrifice Resista |       |       |     1 ||     1
    Use: Potion            |     3 |       |       ||     3
   Stab: Sleeping          |     3 |     1 |       ||     4
         Paralysed         |       |       |     1 ||     1
 Armour: Skin              |    39 |    30 |    14 ||    83
  Dodge: Dodged            |    64 |    65 |    14 ||   143

Table legend: (Time is in decaauts)
 A = Elapsed time spent in this place.
 B = Non-inter-level travel time spent in this place.
 C = Inter-level travel time spent in this place.
 D = Time resting spent in this place.
 E = Time spent auto-exploring this place.
 F = Levels seen in this place.
 G = Mean time per level.
                   A        B        C        D        E       F      G
               +--------+--------+--------+--------+--------+-----+--------+
         Total |   6855 |   6712 |    143 |    708 |   5019 |   7 |  979.3 |
       Dungeon |   6189 |   6046 |    143 |    595 |   4644 |   6 | 1031.5 |
         Sewer |    665 |    665 |      0 |    113 |    375 |   1 |  665.0 |
               +--------+--------+--------+--------+--------+-----+--------+

Top non-repeatable levels by time:
     D:4: 1486 daAuts
     D:5: 1332 daAuts
     D:3: 1287 daAuts
     D:1: 1066 daAuts
     D:2: 944 daAuts
   Sewer: 665 daAuts
     D:6: 71 daAuts
